 Dungeon Crawl Stone Soup version 0.29.1-15-g9cfb28693d (webtiles) character file.

Game seed: 15131849245301500044

1043 leafyfresh the Covert (level 8, -4/54 HPs)
             Began as an Octopode Delver on Feb 24, 2023.
             Was an Initiate of Ashenzari.
             Slain by an orc warrior
             ... wielding a +0 short sword
              (11 damage)
             ... on level 7 of the Dungeon.
             The game lasted 00:06:54 (5997 turns).

leafyfresh the Covert (Octopode Delver)             Turns: 5997, Time: 00:06:54

Health: -4/54      AC:  1    Str: 11    XL:     8   Next: 25%
Magic:  12/12      EV: 13    Int: 14    God:    Ashenzari [......]
Gold:   276        SH:  0    Dex: 14    Spells: 12/12 levels left

rFire   . . .      SeeInvis .   k - +1 short sword (venom)
rCold   . . .      Faith    .   (no shield)
rNeg    . . .      Spirit   .   (helmet restricted)
rPois   .          Reflect  .   (no amulet)
rElec   .          Harm     .   (no ring)
rCorr   .          Rampage  .   (no ring)
Will    .....                   (no ring)
Stlth   ++++++....              (no ring)
HPRegen 0.18/turn               (no ring)
MPRegen 0.13/turn               (no ring)
                                (no ring)
                                (no ring)

@: no status effects
A: almost no armour, amphibious, 8 rings, camouflage 1, gelatinous body 1,
(nimble swimmer 1), tentacles
a: Renounce Religion, Curse Item


You were on level 7 of the Dungeon.
You worshipped Ashenzari.
Ashenzari was noncommittal.
You visited 2 branches of the dungeon, and saw 8 of its levels.

You collected 276 gold pieces.

Inventory:

Hand Weapons
 k - a +1 short sword of venom (weapon)
Wands
 a - a wand of flame (17)
 f - a wand of digging (3)
 g - a wand of acid (4)
 r - a wand of paralysis (2)
Scrolls
 b - a scroll of fog
 c - 2 scrolls of magic mapping
 d - a scroll of fear
 h - a scroll of torment {unknown}
 j - 7 scrolls of identify {unknown}
 l - 2 scrolls of summoning {unknown}
 m - a scroll of enchant armour {unknown}
 n - 3 scrolls of teleportation {unknown}
 t - a scroll of acquirement {unknown}
 u - a scroll of enchant weapon {unknown}
Potions
 e - a potion of haste
 i - 6 potions of curing {unknown}
 o - a potion of might {unknown}
 p - 2 potions of heal wounds {unknown}
 q - 3 potions of flight {unknown}
 s - 2 potions of attraction {unknown}
 v - a potion of degeneration {unknown}
 w - a potion of brilliance {unknown}


   Skills:
 + Level 4.4 Fighting
 - Level 2.0 Short Blades
 - Level 2.0 Dodging
 - Level 13.1 Stealth
 + Level 2.7 Spellcasting


You had 12 spell levels left.
You didn't know any spells.
Your spell library contained the following spells:

 Spells                   Type           Power      Damage    Failure   Level
 Airstrike                Air            0%         2d(1-17)  91%         4
 Summon Lightning Spire   Summ/Air       1%         N/A       91%         4
 Lightning Bolt           Conj/Air       0%         1d11      99%         5


Dungeon Overview and Level Annotations

Branches:
Dungeon (7/15)             Temple (1/1) D:5

Altars:
Ashenzari
Cheibriados
Dithmenos
Elyvilon
Gozag
Hepliaklqana
Kikubaaqudgha
Makhleb
Nemelex Xobeh
Okawaru
Ru
Sif Muna
Trog
Uskayaw
Vehumet
Wu Jian
Xom
Yredelemnul
The Shining One

Annotations:
D:3 2 transporters, Menkaure


Innate Abilities, Weirdness & Mutations

You cannot wear most types of armour.
You are amphibious.
You can wear up to eight rings at the same time.
Your skin changes colour to match your surroundings (Stealth+).
Your rubbery body absorbs attacks. (AC +1, EV +1)
((You are camouflaged when in or above water. (Stealth+)))
You have tentacles for arms and can constrict up to eight enemies at once.


Message History

The orc is heavily wounded.
You constrict the orc. The orc hits you with a +0 short sword.
The orc hits you with a +0 whip.
You hit the orc.
You kill the orc!
The orc hits you with a +0 short sword.
You hit the orc.
The orc is poisoned.
You grab the orc. You squeeze the orc.
You kill the orc!
You barely miss the orc warrior. Your grab misses the orc warrior.
You squeeze the orc warrior.
The orc warrior is lightly wounded.
The orc warrior hits you with a +0 short sword!
You are too injured to fight recklessly!
You are too injured to fight recklessly!
You are too injured to fight recklessly!
You are too injured to fight recklessly!
Unknown command.
You closely miss the orc warrior. You grab the orc warrior.
The orc warrior is lightly wounded.
You constrict the orc warrior, but do no damage.
The orc warrior barely misses you.
You hit the orc warrior but do no damage.
The orc warrior is poisoned.
You squeeze the orc warrior, but do no damage.
The orc warrior is lightly wounded.
You constrict the orc warrior, but do no damage.
The orc warrior barely misses you.
You hit the orc warrior but do no damage.
The orc warrior looks even sicker.
The orc warrior is lightly wounded.
You constrict the orc warrior, but do no damage.
The orc warrior hits you with a +0 short sword!
* * * LOW HITPOINT WARNING * * *
Unknown command.
As you read the scroll of fear, it crumbles to dust.
You assume a fearsome visage.
The orc warrior resists with some effort.
You constrict the orc warrior.
The orc warrior hits you with a +0 short sword!
You die...

..... #.... #.# #...# ###
#.# # #.... ... #.#
#.#...#### #.# #.#
#.#........####.#.# #.#
......))........#.# #.#
#.o@$#.# #.# #.#
.##.....######.###.##
......................
.........#######<###.##
..#####....######.###.#
.....5................##.#
.h......##....######..##.#
............รท.# #..##.#
#.......##....# #..##.#


You could see an orc warrior (very poisoned).

Vanquished Creatures
  Sigmund (D:3)
  2 black bears
  An ice beast (D:6)
  A phantom (D:7)
  A necrophage (D:5)
  A scorpion (D:4)
  A howler monkey (D:7)
  2 hounds (D:5)
  A jelly (D:6)
  An orc priest (D:4)
  2 iguanas (D:4)
  An orc wizard (D:4)
  4 gnolls
  4 adders
  A shadow imp (D:5)
  A dart slug (D:3)
  21 orcs
  6 bats
  6 endoplasms
  4 giant cockroaches
  4 goblins
  3 hobgoblins
  4 jackals (D:4)
  6 quokkas
  6 ball pythons
  3 frilled lizards
  6 kobolds
  6 rats
100 creatures vanquished.

Vanquished Creatures (others)
  2 plants (D:2)
2 creatures vanquished.

Grand Total: 102 creatures vanquished

Notes
Turn   | Place    | Note
-------+----------+-------------------------------------------
     0 | D:5      | leafyfresh the Octopode Delver began the quest for the Orb.
     0 | D:5      | Reached XP level 1. HP: 16/16 MP: 1/1
    57 | D:4      | Noticed an iguana
    70 | D:4      | Noticed a scorpion
    72 | D:4      | Killed an iguana
    73 | D:4      | Reached skill level 7 in Stealth
    73 | D:4      | Reached XP level 2. HP: 21/21 MP: 2/2
    73 | D:4      | Reached XP level 3. HP: 26/26 MP: 3/3
    85 | D:4      | Killed a scorpion
    86 | D:4      | Reached skill level 9 in Stealth
    86 | D:4      | Reached XP level 4. HP: 31/31 MP: 4/4
   126 | D:4      | Reached XP level 5. HP: 33/36 MP: 5/5
   470 | D:4      | Reached skill level 10 in Stealth
   838 | D:4      | Noticed a black bear
   848 | D:4      | Killed a black bear
   849 | D:4      | Reached skill level 11 in Stealth
   849 | D:4      | Reached XP level 6. HP: 19/42 MP: 6/6
  1480 | D:5      | Found a staircase to the Ecumenical Temple.
  1513 | Temple   | Entered the Ecumenical Temple
  1513 | Temple   | Found a transporter.
  1513 | Temple   | Found a transporter.
  1515 | Temple   | Found a transporter.
  1515 | Temple   | Found a transporter.
  1543 | Temple   | Became a worshipper of Ashenzari the Shackled
  1922 | D:5      | Reached XP level 7. HP: 20/46 MP: 7/7
  2553 | D:3      | Found a basalt altar of Yredelemnul.
  2555 | D:3      | Reached skill level 12 in Stealth
  2565 | D:3      | Noticed Menkaure
  2569 | D:3      | Found a transporter.
  2597 | D:3      | Found a transporter.
  2597 | D:3      | Found an ancient bone altar of Kikubaaqudgha.
  3463 | D:3      | Noticed Sigmund
  3465 | D:3      | Killed Sigmund
  3466 | D:3      | Reached skill level 13 in Stealth
  3701 | D:2      | Found an opulent altar of Gozag.
  4188 | D:2      | Found a faded altar of an unknown god.
  5203 | D:6      | Reached skill level 1 in Spellcasting
  5259 | D:6      | Reached XP level 8. HP: 33/53 MP: 10/10
  5465 | D:6      | Noticed a yak
  5466 | D:6      | Noticed a yak
  5466 | D:6      | Noticed a yak
  5997 | D:7      | Slain by an orc warrior

Illustrated notes

Levels and vault maps discovered:
D:1:      dpeg_arrival_circle_labyrinth_c, layout_rooms, serial_park_tiny_2
D:2:      layout_basic, shapermc_ecumenical_altar_mp_urbaneastern, basic_altar,
          uniq_crazy_yiuf_cottage
D:3:      layout_loops_ring, gammafunk_temple_of_torment, dk_noncrumbling_4,
          minmay_pentomino_pile, uniq_sigmund
D:4:      layout_rooms, minivault_4
D:5:      layout_gridville, minmay_temple_entry_antechambers,
          chequers_decorated_corner
D:6:      layout_gridville, kennysheep_donut, minmay_misc_feat_alley
D:7:      layout_basic, serial_curves, eino_curves_02, eino_curves_03
Temple:   hellmonk_temple_divided_pantheon

Skill      XL: |  1  2  3  4  5  6  7  8 |
---------------+-------------------------+-----
Stealth        | 7 9 11 13 | 13.1
Spellcasting   | 1 2 |  2.7
Fighting       | 4 |  4.4
Short Blades   | |  2.0
Dodging        | |  2.0

Action                   |  1- 3 |  4- 6 |  7- 9 || total
-------------------------+-------+-------+-------++-------
Melee: Short sword       |     4 |    64 |   112 ||   180
       Constrict         |     1 |    19 |    26 ||    46
       Tentacles         |     1 |    19 |    27 ||    47
       Punch             |       |     1 |       ||     1
Evoke: Wand              |     1 |     1 |       ||     2
  Use: Scroll            |       |       |     1 ||     1
 Stab: Sleeping          |     2 |     9 |    25 ||    36
Armor: Skin              |       |     3 |     3 ||     6
Dodge: Dodged            |     2 |    33 |    37 ||    72
